 Dungeon Crawl Stone Soup version 0.26.1-2-gb8aa6d0cf2 (webtiles) character file.

Game seed: 1927026708277348860

48 Descartes the Firebug (level 3, 0/19 HPs)
             Began as a Deep Elf Wanderer on Mar 15, 2021.
             Succumbed to an adder's poison
             ... on level 2 of the Dungeon.
             The game lasted 00:06:07 (1390 turns).

Descartes the Firebug (Deep Elf Wanderer)           Turns: 1390, Time: 00:06:08

Health: 0/19       AC:  6    Str:  7    XL:     3   Next: 50%
Magic:  1/9        EV: 13    Int: 19    God:
Gold:   98         SH:  0    Dex: 14    Spells: 5/7 levels left

rFire    . . .     SeeInvis .   a - +0 dagger
rCold    . . .     Faith    .   (no shield)
rNeg     . . .     Spirit   .   d - +0 robe
rPois    .         Reflect  .   (no helmet)
rElec    .         Harm     .   (no cloak)
rCorr    .         Rampage  .   m - +2 pair of gloves
Will     .....                  i - +0 pair of boots
Stlth    ++........             (no amulet)
HPRegen  0.06/turn              (no ring)
MPRegen  0.11/turn              (no ring)

@: lethally poisoned (0 -> -9), very slightly contaminated, invisible
A: no striking features
a: no special abilities


You were on level 2 of the Dungeon.
You visited 1 branch of the dungeon, and saw 2 of its levels.

You collected 98 gold pieces.

Inventory:

Hand Weapons
 a - a +0 dagger (weapon)
Missiles
 e - 52 stones (quivered)
 g - 24 sling bullets
 h - 46 arrows
Armour
 d - a +0 robe (worn)
 i - a +0 pair of boots (worn)
 m - a +2 pair of gloves (worn)
Scrolls
 b - a scroll of teleportation
 c - 2 scrolls of identify {unknown}
 f - a scroll of fear {unknown}
 j - a scroll of amnesia {unknown}
 k - a scroll of magic mapping {unknown}


   Skills:
 - Level 1.0 Throwing
 - Level 2.4 Dodging
 - Level 2.4 Stealth
 - Level 1.5 Unarmed Combat
 + Level 2.7 Spellcasting
 + Level 1.5 Conjurations
 + Level 2.8 Fire Magic
 + Level 1.3 Air Magic


You had 5 spell levels left.
You knew the following spells:

 Your Spells              Type           Power        Failure   Level
a - Shock                 Conj/Air       32%          9%          1
b - Foxfire               Conj/Fire      40%          6%          1

Your spell library contained the following spells:

 Spells                   Type           Power        Failure   Level
 Conjure Flame            Conj/Fire      10%          19%         3
 Inner Flame              Hex/Fire       8%           26%         3
 Mephitic Cloud           Conj/Pois/Air  6%           32%         3
 Sticky Flame             Conj/Fire      10%          54%         4
 Fireball                 Conj/Fire      5%           87%         5


Dungeon Overview and Level Annotations

Branches:
Dungeon (2/15)

Altars:
Yredelemnul


Message History

* * * LOW HITPOINT WARNING * * *
You feel sick. The adder closely misses you.
You are very lightly contaminated with residual magic.
You closely miss the adder.
The adder is severely wounded.
* * * LOW HITPOINT WARNING * * *
You feel sick. The adder completely misses you.
You hit the adder.
The adder is almost dead.
* * * LOW HITPOINT WARNING * * *
You feel sick. The adder misses you.
You strike the helpless adder from behind!
You hit the adder.
You kill the adder!
* * * LOW HITPOINT WARNING * * *
You feel sick.
You aren't carrying any potions.
Unknown command.
There is a lethal amount of poison in your body!
You die...

#.##.....#
#####.##...#.#
##............# #
#..............
#.#.###..........##.
#........##.#....# #
#.####...##......+ # #.#
#...####....##...
###.####.......†@.......
.......#.#.####....####.
###.##.#...####....#
###.##..........)##.#
#...####..######.# .#
#.#.........# #.# ..
.......#..#.# #.# ##
##..##....#.# #.#
....####..#.####.##


There were no monsters in sight!

Vanquished Creatures
  An adder (D:2)
  A worm (D:2)
  3 leopard geckos (D:1)
  A ball python (D:1)
  5 goblins
  3 hobgoblins (D:2)
  4 kobolds (D:1)
  4 bats
  5 frilled lizards
  9 rats (D:1)
36 creatures vanquished.

Vanquished Creatures (others)
  63 foxfires
63 creatures vanquished.

Grand Total: 99 creatures vanquished

Notes
Turn   | Place    | Note
-------+----------+-------------------------------------------
     0 | D:1      | Descartes the Deep Elf Wanderer began the quest for the
                  | Orb.
     0 | D:1      | Descartes set off with the following items: a +0 dagger, a
                  | scroll of teleportation, a +0 robe; and the following
                  | spells available to memorise: Foxfire, Shock, Conjure
                  | Flame, Inner Flame, Mephitic Cloud, Sticky Flame, Fireball
     0 | D:1      | Reached XP level 1. HP: 10/10 MP: 5/5
     2 | D:1      | Learned a level 1 spell: Shock
     4 | D:1      | Learned a level 1 spell: Foxfire
   272 | D:1      | Reached XP level 2. HP: 15/15 MP: 3/6
   624 | D:1      | Reached skill level 1 in Conjurations
   624 | D:1      | Reached skill level 1 in Air Magic
   746 | D:1      | Found a basalt altar of Yredelemnul.
  1067 | D:2      | Reached XP level 3. HP: 19/19 MP: 5/8
  1390 | D:2      | Succumbed to an adder's poison

Illustrated notes

Levels and vault maps discovered:
D:1:      psy_arrival_statuary, layout_rooms, minmay_hexomino_r4
D:2:      layout_basic, elyvilon_altar_5

Skill      XL: |  1  2 |
---------------+-------+-----
Spellcasting   | 2 |  2.7
Conjurations   | 1 |  1.5
Air Magic      | 1 |  1.3
Throwing       | |  1.0
Dodging        | |  2.4
Stealth        | |  2.4
Unarmed Combat | |  1.5
Fire Magic     | |  2.8

Action                   || total
-------------------------++-------
Melee: Dagger            ||     3
 Cast: Foxfire           ||    38
       Shock             ||    28
  Use: Potion            ||     1
 Stab: Invisible         ||     1
Armor: Robe              ||     2
Dodge: Dodged            ||    16
